AoeStats
← Mauro

Arena

505116846Analyzed
4v4 RM · 26d ago on Sep 7, 2026· 53m 38s· 8 players
Game mode
Random Map
Map size
Large (8 player)
Population
200
Speed
Normal
Resources
Standard
Victory
Conquest
Starting age
Dark Age
Ending age
Imperial Age
RankedLock teamsTeams togetherTeam positionsShared explorationLock speedFull tech treeHidden civsTurbo modeCheats
Victory
Defeat
🇨🇴 Celts · Colombia
1020
+14
🇨🇴 Romans · Colombia
978
+16
🇩🇪 Khmer · Germany
975
+16
🇨🇴 Shu · Colombia
973
+16
🇨🇦 Persians · Canada
1167
-22
🇨🇴 Italians · Colombia
1039
-18
🇨🇴 Britons · Colombia
998
-16
🇨🇴 Japanese · Colombia
714
-6
Icke
7:40 Loom
10:48 Feudal Age
15:02 Castle Age
13:06 Double-Bit Axe
13:23 Horse Collar
14:13 Stone Mining
17:28 Heavy Plow
21:01 Wheelbarrow
21:25 Gold Mining
25:37 Hand Cart
26:29 Gold Shaft Mining
26:32 Stone Shaft Mining
29:42 Imperial Age
26:58 Town Watch
31:59 Husbandry
32:31 Light Cavalry
43:02 Forging
43:15 Scale Barding Armor
43:48 Bloodlines
43:01 Hussar
44:46 Chain Barding Armor
45:02 Iron Casting
45:10 Town Patrol
48:08 Blast Furnace
47:44 Plate Barding Armor
47:51 Caravan
49:23 Bow Saw
50:22 Conscription
Santi Povs
10:33 Feudal Age
14:09 Castle Age
12:27 Double-Bit Axe
12:26 Horse Collar
23:07 Bow Saw
28:19 Imperial Age
26:10 Loom
27:00 Wheelbarrow
26:10 Town Watch
26:24 Gold Mining
26:48 Forging
26:38 Scale Mail Armor
29:13 Hand Cart
28:39 Pikeman
30:44 Chemistry
30:32 Chain Mail Armor
30:52 Iron Casting
30:57 Halberdier
31:39 Stone Mining
31:28 Capped Ram
33:40 Siege Ram
39:24 Stone Shaft Mining
39:24 Gold Shaft Mining
39:53 Blast Furnace
39:23 Plate Mail Armor
38:59 Heavy Scorpion
41:09 Furor Celtica
47:42 Cavalier
48:23 Husbandry
47:43 Light Cavalry
48:37 Masonry
48:33 Siege Engineers
48:24 Murder Holes
48:09 Treadmill Crane
48:19 Heated Shot
48:40 Fortified Wall
48:52 Ballistics
47:55 Man-at-Arms
48:20 Gambesons
48:22 Arson
49:00 Sanctity
48:41 Devotion
48:51 Fervor
49:02 Heresy
48:37 Herbal Medicine
51:31 Fletching
51:41 Padded Archer Armor
51:47 Scale Barding Armor
52:00 Careening
52:00 Clinker Construction
52:53 Long Swordsman
52:57 Hussar
52:58 Paladin
53:00 Elite Woad Raider
53:30 Stronghold
54:06 Caravan
54:36 Coinage
NickyCash
11:00 Feudal Age
9:16 Loom
15:46 Castle Age
13:51 Horse Collar
13:59 Double-Bit Axe
14:37 Stone Mining
14:43 Gold Mining
26:39 Ballistas
34:16 Imperial Age
32:23 Wheelbarrow
31:34 Town Watch
34:34 Hand Cart
35:20 Heavy Plow
35:33 Bow Saw
36:00 Gold Shaft Mining
36:27 Conscription
37:24 Chemistry
37:54 Crop Rotation
37:41 Heavy Scorpion
38:26 Capped Ram
41:39 Siege Ram
43:01 Town Patrol
El Ogro
11:30 Feudal Age
16:02 Castle Age
15:23 Wheelbarrow
16:05 Double-Bit Axe
19:45 Horse Collar
28:41 Loom
29:23 Hand Cart
32:48 Imperial Age
30:36 Bow Saw
31:40 Heavy Plow
31:56 Fletching
32:07 Padded Archer Armor
32:43 Ballistics
33:13 Thumb Ring
32:31 Crossbowman
33:38 Padded Archer Armor
33:35 Bodkin Arrow
36:50 Chemistry
35:56 Siege Engineers
36:01 Elite Skirmisher
36:56 Bracer
37:14 Leather Archer Armor
38:42 Capped Ram
41:20 Ring Archer Armor
40:51 Onager
43:59 Arbalester
47:18 Two-Man Saw
47:15 Gold Mining
NuMa | Gacha
11:33 Feudal Age
15:37 Castle Age
14:34 Double-Bit Axe
16:04 Gold Mining
20:21 Bloodlines
20:24 Loom
23:36 Fletching
28:18 Redemption
31:20 Imperial Age
29:32 Bow Saw
29:50 Stone Mining
31:27 Wheelbarrow
30:39 Town Watch
31:01 Padded Archer Armor
32:11 Ballistics
33:41 Chemistry
33:03 Bodkin Arrow
33:24 Leather Archer Armor
32:36 Cavalier
34:58 Hand Cart
38:53 Murder Holes
40:18 Forging
40:14 Scale Barding Armor
40:13 Husbandry
40:33 Town Patrol
40:40 Light Cavalry
50:58 Stone Shaft Mining
NikolastrA
12:17 Feudal Age
10:33 Loom
12:22 Man-at-Arms
13:08 Double-Bit Axe
13:05 Horse Collar
17:52 Wheelbarrow
21:58 Castle Age
22:02 Wheelbarrow
21:53 Town Watch
22:02 Gold Mining
22:02 Pikeman
23:48 Heavy Plow
25:16 Bow Saw
25:56 Long Swordsman
26:38 Squires
38:15 Imperial Age
35:38 Stone Mining
35:55 Murder Holes
38:55 Fortified Wall
42:32 Scale Mail Armor
42:45 Forging
45:40 Fletching
46:44 Halberdier
48:04 Iron Casting
47:47 Chain Mail Armor
48:32 Gold Shaft Mining
47:53 Elite Skirmisher
48:46 Two-Handed Swordsman
49:29 Husbandry
50:08 Hand Cart
50:58 Blast Furnace
50:29 Bodkin Arrow
50:57 Ballistics
51:18 Gambesons
50:56 Cavalier
53:18 Plate Mail Armor
52:33 Treadmill Crane
53:05 Masonry
54:03 Padded Archer Armor
Mauro
12:40 Feudal Age
17:02 Castle Age
14:58 Double-Bit Axe
15:18 Fletching
17:53 Gold Mining
18:09 Padded Archer Armor
20:03 Crossbowman
25:03 Wheelbarrow
24:28 Stone Mining
29:24 Ballistics
36:01 Imperial Age
36:33 Elite Skirmisher
39:59 Chemistry
40:54 Hand Cart
41:16 Bodkin Arrow
Burgoman2
12:19 Feudal Age
16:02 Castle Age
14:06 Double-Bit Axe
14:16 Horse Collar
17:03 Gold Mining
18:09 Bow Saw
20:33 Husbandry
27:01 Bloodlines
28:15 Scale Barding Armor
31:02 Loom
35:08 Wheelbarrow
35:46 Chain Barding Armor
37:42 Forging
39:08 Hand Cart
40:07 Iron Casting
42:57 Imperial Age
42:33 Heavy Plow
43:10 Gold Shaft Mining
42:42 Cavalier
43:19 Town Watch
45:48 Chemistry
46:43 Two-Man Saw
46:15 Crop Rotation
45:12 Light Cavalry
47:31 Plate Barding Armor
48:31 Blast Furnace
Connection lost

Rejoining the realm…

Still unreachable

The connection could not be restored.

Session expired

The server has moved on; the page needs a fresh start.